AoeStats
← Coleman

Coastal Forest

503498745Analyzed
3v3 RM · 1mo ago on Aug 31, 2026· 43m 18s· 6 players
Game mode
Random Map
Map size
Normal (6 player)
Population
200
Speed
Normal
Resources
Standard
Victory
Conquest
Starting age
Dark Age
Ending age
Imperial Age
RankedLock teamsTeams togetherTeam positionsShared explorationLock speedFull tech treeHidden civsTurbo modeCheats
Victory
Defeat
🇧🇷 Armenians · Brazil
728
+17
🇨🇴 Khmer · Colombia
695
+18
🇧🇷 Spanish · Brazil
656
+20
🇨🇦 Armenians · Canada
836
-22
🇺🇸 Vikings · United States
786
-20
🇨🇱 Mapuche · Chile
617
-13
FERMORTE
3:51 Loom
12:29 Feudal Age
13:46 Wheelbarrow
13:02 Double-Bit Axe
13:03 Horse Collar
15:29 Arson
17:38 Scale Barding Armor
22:02 Bloodlines
Capitian
0:47 Loom
11:21 Feudal Age
12:40 Wheelbarrow
11:58 Double-Bit Axe
13:12 Horse Collar
19:31 Castle Age
19:30 Gold Mining
19:34 Stone Mining
21:08 Bow Saw
21:58 Hand Cart
26:27 Fletching
28:29 Bodkin Arrow
34:06 Gold Shaft Mining
32:58 Elite Skirmisher
33:50 Forging
33:41 Scale Mail Armor
33:42 Padded Archer Armor
33:32 Pikeman
34:35 Squires
34:23 Gambesons
34:26 Arson
36:44 Heavy Plow
36:35 Halberdier
43:41 Imperial Age
acardonahenao99
7:02 Loom
14:51 Feudal Age
15:38 Double-Bit Axe
20:31 Castle Age
22:05 Town Watch
22:58 Wheelbarrow
24:51 Hand Cart
24:19 Horse Collar
24:32 Gold Mining
24:36 Stone Mining
24:33 Fishing Lines
28:01 Gold Shaft Mining
28:04 Stone Shaft Mining
28:31 Bow Saw
28:33 Heavy Plow
30:25 Bloodlines
30:16 Husbandry
30:29 Scale Barding Armor
30:24 Scale Mail Armor
30:35 Forging
30:16 Fletching
36:26 Imperial Age
34:07 Murder Holes
34:23 Masonry
35:00 Pikeman
35:26 Arson
37:32 Conscription
37:34 Caravan
37:17 Elite Ballista Elephant
38:59 Crop Rotation
40:55 Chemistry
40:26 Architecture
40:19 Ballistics
40:42 Iron Casting
42:48 Double Crossbow
42:48 Tusk Swords
43:13 Heavy Scorpion
Coleman
9:00 Loom
12:52 Feudal Age
13:18 Horse Collar
15:06 Fishing Lines
15:43 Forging
15:34 Scale Mail Armor
16:29 Double-Bit Axe
21:52 Castle Age
23:16 Bow Saw
23:25 Chain Mail Armor
23:45 Iron Casting
24:57 Squires
24:45 Pikeman
26:48 Heavy Plow
26:42 Stone Mining
26:55 Arson
27:30 Gillnets
32:15 Chieftains
32:46 Gold Mining
34:54 Gold Shaft Mining
38:01 Imperial Age
36:42 Medium Warships
39:34 Plate Mail Armor
40:04 Blast Furnace
38:35 Elite Berserk
43:48 Conscription
n0m3
4:07 Loom
11:06 Feudal Age
11:09 Man-at-Arms
11:35 Arson
12:44 Long Swordsman
15:05 Scale Mail Armor
23:41 Wheelbarrow
22:48 Horse Collar
24:50 Forging
28:55 Double-Bit Axe
30:23 Pikeman
31:50 Gold Mining
36:13 Castle Age
35:38 Fletching
35:55 Stone Mining
37:43 Hand Cart
38:21 Gold Shaft Mining
37:59 Bow Saw
37:13 Two-Handed Swordsman
37:39 Gambesons
39:02 Chain Mail Armor
39:23 Iron Casting
39:45 Heavy Plow
cvarascaica
0:28 Loom
16:54 Feudal Age
17:26 Horse Collar
17:31 Double-Bit Axe
17:37 Gold Mining
17:37 Stone Mining
18:41 Wheelbarrow
17:51 Town Watch
17:58 Arson
17:33 Champi Runner
25:10 Scale Mail Armor
25:20 Forging
25:03 Fletching
25:14 Padded Archer Armor
28:49 Castle Age
29:35 Heavy Plow
29:46 Bow Saw
30:11 Gold Shaft Mining
30:12 Stone Shaft Mining
28:58 Pikeman
29:42 Town Patrol
31:42 Hand Cart
32:29 Caravan
36:37 Iron Casting
36:17 Chain Mail Armor
35:58 Bodkin Arrow
36:19 Leather Archer Armor
35:53 Champi Warrior
41:01 Treadmill Crane
41:42 Ballistics
41:18 Murder Holes
41:35 Masonry
45:27 Imperial Age
Connection lost

Rejoining the realm…

Still unreachable

The connection could not be restored.

Session expired

The server has moved on; the page needs a fresh start.